 Dungeon Crawl Stone Soup version 0.17-a0-155-g14e20c2 (webtiles) character file.

383 nono the Skirmisher (level 6, -8/52 HPs)
             Began as a Demonspawn Gladiator on Mar 25, 2015.
             Killed by divine providence
             ... invoked by a smoke demon
              (14 damage)
             ... on level 1 of the Abyss.
             The game lasted 00:09:18 (2836 turns).

nono the Skirmisher (Demonspawn Gladiator)          Turns: 2836, Time: 00:09:19

Health: -8/52      AC: 10    Str: 16    XL:     6   Next: 47%
Magic:  6/6        EV:  8    Int:  9    God:
Gold:   145        SH:  0    Dex: 15    Spells: 0 memorised, 5 levels left

rFire  . . .     SeeInvis .     a - +0 trident
rCold  . . .     Clarity  .     q - +0 chain mail
rNeg   . . .     SustAb   .     (no shield)
rPois  .         Gourm    .     (helmet restricted)
rElec  .         Spirit   .     (no cloak)
rCorr  .         Warding  .     (no gloves)
rMut   .         Stasis   .     e - +0 pair of boots
MR     .....                    (no amulet)
Stlth  ..........               (no ring)
                                (no ring)

@: not resistant to hostile enchantments, extremely unstealthy
A: horns 1, demonic guardian 1, nightstalker 2
a: no special abilities


You were on level 1 of the Abyss.
You were hungry.

You visited 1 branch of the dungeon, and saw 3 of its levels.
You visited the Abyss 1 time.
You also visited: Sewer.

You collected 145 gold pieces.

Inventory:

Hand weapons
 a - a +0 trident (weapon)
Missiles
 d - 2 throwing nets
 g - 39 stones (quivered)
Armour
 b - a +0 leather armour
 c - a +0 helmet
 e - a +0 pair of boots (worn)
 q - a +0 chain mail (worn)
Jewellery
 m - a cursed -2 ring of strength {unknown}
Scrolls
 i - a scroll of enchant weapon {unknown}
 j - 3 scrolls of identify {unknown}
 k - a scroll of random uselessness {unknown}
 l - a scroll of blinking {unknown}
 n - 2 scrolls of remove curse {unknown}
 p - 2 scrolls of enchant armour {unknown}
 s - 2 scrolls of fear {unknown}
 y - a scroll of fog {unknown}
Potions
 t - a potion of brilliance
 u - a potion of haste
Comestibles
 f - 3 bread rations
 o - a slice of pizza
 w - a meat ration


   Skills:
 + Level 6.0 Fighting
 - Level 2.6 Polearms
 - Level 1.7 Throwing
 + Level 2.9 Armour
 - Level 2.6 Dodging


You had 5 spell levels left.
You didn't know any spells.

Dungeon Overview and Level Annotations

Branches:
Dungeon (3/15)

Altars:
Elyvilon
Okawaru


Innate Abilities, Weirdness & Mutations

You have a pair of small horns on your head.
A weak demonic guardian rushes to your aid.
You are significantly more attuned to the shadows.


Message History

You feel yourself slow down.
You feel a little less mighty now.
You feel a little less clever now.
Drink which item? (? for menu, Esc to quit)
It was a potion of heal wounds.
You feel much better.
You feel less woody.
Your +0 pair of boots unmelds from your body.
Your +0 chain mail unmelds from your body.
The small abomination barely misses you.
Your crimson imp hits the smoke demon.
The smoke demon completely misses you.
The smoke demon hits you but does no damage.
The smoke demon barely misses you.
The small abomination hits you but does no damage.
You hit the smoke demon. Your headbutt misses the smoke demon.
The smoke demon is lightly wounded.
Your crimson imp hits the smoke demon but does no damage.
The small abomination hits you!
* * * LOW HITPOINT WARNING * * *
The smoke demon gestures at you. Something smites you!
You die...

##....3.......#
.... . #5#. ##
#..#.§#.......
## ##..## #.#
#.##
............#
.......######
#### #.###.##
#.§##35....[
#.@### ###
#.x## ...##..
##.. # . ...
... #


You could see a smoke demon, a small abomination and a friendly crimson imp.

Vanquished Creatures
  2 big kobolds (Sewer)
  A scorpion (D:3)
  A big kobold zombie (Sewer)
  3 adders
  A river rat (D:3)
  A giant mite (D:3)
  2 worms (D:2)
  4 giant geckos
  6 orcs (D:3)
  2 giant cockroaches
  7 hobgoblins
  3 quokkas
  2 river rat skeletons (Sewer)
  A river rat zombie (Sewer)
  9 bats
  7 giant newts
  7 goblins
  5 kobolds
  15 rats
  2 rat skeletons (Sewer)
81 creatures vanquished.

Vanquished Creatures (collateral kills)
  A big kobold (Sewer)
  An adder (D:2)
  A giant mite (D:2)
  A river rat zombie (Sewer)
  A river rat skeleton (Sewer)
5 creatures vanquished.

Vanquished Creatures (others)
  A crimson imp (Sewer)
  2 iron imps (Sewer)
  2 white imps
  An ufetubus (Abyss:1)
6 creatures vanquished.

Grand Total: 92 creatures vanquished

Notes
Turn   | Place    | Note
--------------------------------------------------------------
     0 | D:1      | nono, the Demonspawn Gladiator, began the quest for the Orb.
     0 | D:1      | Reached XP level 1. HP: 16/16 MP: 1/1
   145 | D:1      | Gained mutation: A weak demonic guardian rushes to your aid. [demonic ancestry]
   145 | D:1      | Reached XP level 2. HP: 14/23 MP: 2/2
   292 | D:1      | Reached skill level 3 in Fighting
   912 | D:2      | Gained mutation: You are slightly more attuned to the shadows. [demonic ancestry]
   912 | D:2      | Reached XP level 3. HP: 25/29 MP: 3/3
  1089 | D:2      | Reached skill level 4 in Fighting
  1333 | D:2      | Reached XP level 4. HP: 36/38 MP: 4/4
  1721 | D:3      | Found a white marble altar of Elyvilon.
  1733 | D:3      | Found an iron altar of Okawaru.
  1859 | D:3      | Found a glowing drain.
  1863 | Sewer    | Entered a sewer
  1901 | Sewer    | Noticed a big kobold necromancer
  1910 | Sewer    | Reached skill level 1 in Armour
  1920 | Sewer    | Killed a big kobold necromancer
  1920 | Sewer    | Reached skill level 5 in Fighting
  1920 | Sewer    | Gained mutation: You are significantly more attuned to the shadows. [demonic ancestry]
  1920 | Sewer    | Reached XP level 5. HP: 39/44 MP: 5/5
  1948 | Sewer    | Noticed a big kobold necromancer
  1975 | Sewer    | Killed a big kobold necromancer
  1983 | Sewer    | Gained mutation: You have a pair of small horns on your head. [demonic ancestry]
  1983 | Sewer    | Reached XP level 6. HP: 24/51 MP: 6/6
  2154 | Sewer    | Noticed a big kobold necromancer
  2161 | Sewer    | Killed a big kobold necromancer
  2380 | D:3      | Reached skill level 6 in Fighting
  2768 | D:3      | Cast into the Abyss (gnoll)
  2814 | Abyss:1  | Noticed a smoke demon
  2828 | Abyss:1  | Noticed a small abomination
  2833 | Abyss:1  | HP: 3/78 [small abomination (4)]
  2836 | Abyss:1  | Killed from afar by a smoke demon

Action                   |  1- 3 |  4- 6 || total
-------------------------+-------+-------++-------
Melee: Trident           |   146 |   188 ||   334
Throw: Throwing net      |     2 |     1 ||     3
       Stone             |     1 |     3 ||     4
  Use: Potion            |       |     7 ||     7
 Stab: Sleeping          |     3 |     1 ||     4
       Held in net/web   |     1 |       ||     1
       Distracted        |       |     1 ||     1
  Eat: Chunk             |     1 |     5 ||     6
